 Dungeon Crawl Stone Soup version 0.29-a0-982-gaed3a0c8d8 (webtiles) character file.

Game seed: 3788390905644860410

566 Sobieck the Sneak (level 7, -1/36 HPs)
             Began as a Vine Stalker Brigand on Aug 1, 2022.
             Succumbed to Ijyb's poison
             ... on level 5 of the Dungeon.
             The game lasted 00:08:01 (3272 turns).

Sobieck the Sneak (Vine Stalker Brigand)            Turns: 3272, Time: 00:08:02

Health: -1/36      AC:  4    Str: 13    XL:     7   Next: 32%
Magic:  5/8        EV: 13    Int: 11    God:
Gold:   156        SH:  0    Dex: 18    Spells: 6/6 levels left

rFire   . . .      SeeInvis .   a - +3 dagger {short}
rCold   . . .      Faith    .   (no shield)
rNeg    + . .      Spirit   +   b - +0 robe
rPois   .          Reflect  .   (no helmet)
rElec   .          Harm     .   c - +0 cloak
rCorr   .          Rampage  .   r - +0 pair of gloves
Will    +....                   (no boots)
Stlth   ++++......              (no amulet)
HPRegen 0.92/turn               C - ring of willpower
MPRegen 0.11/turn               f - ring of positive energy

@: lethally poisoned (-1 -> -7)
A: fangs 2, regeneration 1, magic shield, antimagic bite, no potion heal 2
a: no special abilities


You were on level 5 of the Dungeon.
You visited 1 branch of the dungeon, and saw 5 of its levels.
You also visited: Sewer.

You collected 247 gold pieces.
You spent 91 gold pieces at shops.


Innate Abilities, Weirdness & Mutations

You have extremely sharp teeth.
Your natural rate of healing is unusually fast.
When hurt, damage is shared between your health and your magic reserves.
Your bite disrupts and absorbs the magic of your enemies.
Potions cannot restore your health.


   Skills:
 + Level 3.4 Fighting
 * Level 4.7 Short Blades
 - Level 1.7 Throwing
 + Level 2.7 Dodging
 + Level 6.6 Stealth


You had 6 spell levels left.
You didn't know any spells.
Your spell library contained the following spells:

 Spells                   Type           Power      Damage    Failure   Level
 Ensorcelled Hibernation  Hex/Ice        0%         N/A       47%         2
 Spider Form              Tmut/Pois      0%         N/A       71%         3
 Anguish                  Hex/Necr       0%         N/A       98%         4

Inventory:

Hand Weapons
 a - a +3 dagger (weapon) {short}
 i - a +0 rapier {short}
   (You found it on level 1 of the Dungeon)
 s - a +2 spectral club {mace}
   (You took it off Jessica on level 2 of the Dungeon)
 I - a +3 short sword {short}
   (You found it on level 4 of the Dungeon)
 L - a +2 vorpal war axe {axe}
   (You found it in a sewer)
Missiles
 d - 9 poisoned darts (quivered) {throwing}
 e - 3 curare-tipped darts {=fthrowing}
 n - 80 stones {throwing}
Armour
 b - a +0 robe (worn)
 c - a +0 cloak (worn)
 p - a +0 leather armour
   (You found it on level 1 of the Dungeon)
 q - a +0 robe
   (You found it on level 2 of the Dungeon)
 r - a +0 pair of gloves (worn)
   (You found it on level 2 of the Dungeon)
 t - a +0 robe
   (You took it off Jessica on level 2 of the Dungeon)
 v - a +0 kite shield
   (You found it on level 2 of the Dungeon)
 x - a +0 chain mail
   (You found it on level 2 of the Dungeon)
 y - a +0 leather armour
   (You took it off an orc on level 3 of the Dungeon)
 z - a +0 ring mail
   (You took it off an orc on level 3 of the Dungeon)
 A - a +0 leather armour
   (You took it off an orc on level 3 of the Dungeon)
 F - a +0 robe
   (You found it on level 3 of the Dungeon)
 G - a +0 robe
   (You found it on level 3 of the Dungeon)
 J - a +0 ring mail
   (You took it off an orc on level 5 of the Dungeon)
 K - a +0 ring mail
   (You found it in a sewer)
 M - a +0 leather armour
   (You took it off an orc on level 3 of the Dungeon)
 O - a +0 robe
   (You took it off an orc wizard on level 5 of the Dungeon)
 P - a +0 ring mail
   (You took it off an orc on level 5 of the Dungeon)
 Q - a +0 scale mail
   (You found it on level 4 of the Dungeon)
 R - a +0 ring mail
   (You found it on level 4 of the Dungeon)
 S - a +0 robe
   (You took it off an orc wizard on level 4 of the Dungeon)
 T - a +0 helmet
   (You found it on level 5 of the Dungeon)
 V - a +0 chain mail
   (You found it on level 5 of the Dungeon)
 W - a +0 ring mail
   (You found it on level 5 of the Dungeon)
Jewellery
 f - a ring of positive energy (right hand)
   (You found it on level 4 of the Dungeon)
 m - a ring of positive energy
   (You found it on level 4 of the Dungeon)
 C - a ring of willpower (left hand)
   (You found it on level 3 of the Dungeon)
Wands
 U - a wand of roots (17)
   (You found it on level 5 of the Dungeon)
Scrolls
 j - 4 scrolls of teleportation {@r4}
 k - 2 scrolls of summoning
 o - a scroll of blinking {!r}
 B - 2 scrolls of noise {!r}
Potions
 g - 3 potions of heal wounds {@q2}
 h - a potion of curing {@q1}
 l - a potion of lignification {!q}
 u - a potion of haste {@q3}
 w - a potion of invisibility
 D - a potion of ambrosia
 E - 3 potions of magic
 H - a potion of berserk rage {!q}
 N - a potion of cancellation

Dungeon Overview and Level Annotations

Branches:
Dungeon (5/15) Zot: 26759   Sewer (visited)
 Temple: D:4-7

Altars:
Ru
Vehumet
Xom

Shops:
D:3 !

Annotations:
D:5 Ijyb

###
.....############
.......@........#
..!...g..######.#
..........###...####
#####.....#.....)..#
#.....+........#
#......#........#
#.....##........#
#...####........#
#.###.####


You could see Ijyb.


Message History

You closely miss the adder. The adder barely misses you.
You hit the adder. The adder bites you but does no damage.
You hit the adder. The adder bites you.
You hit the adder. The adder closely misses you.
You barely miss the adder. You bite the adder. You drain its power.
The adder bites you but does no damage.
You barely miss the adder. You bite the adder. You drain its power.
The adder closely misses you.
You barely miss the adder. The adder bites you.
You miss the adder. Your bite misses the adder. The adder bites you.
You closely miss the adder. The adder bites you.
You are poisoned.
The adder poisons you!
You hit the adder.
You kill the adder!
You feel sick.
No target in view!
No target in view!
You feel sick.
You feel sick.
You feel sick.
You feel sick.
You feel sick.
You are no longer poisoned.
You see here an adder corpse.
W - a +0 ring mail
j - 4 scrolls of teleportation {@r4} (gained 1)
An ufetubus comes into view.
Danger!
The ufetubus shouts!
The ufetubus hits you but does no damage.
The ufetubus misses you.
You completely miss the ufetubus. You bite the ufetubus. You drain its power.
The ufetubus barely misses you. The ufetubus closely misses you.
You hit the ufetubus.
You kill the ufetubus!
No target in view!
Ijyb the Twisted Goblin comes into view.
She is wielding a +2 dagger of venom and carrying a wand of charming (1).
Danger!
Ijyb shouts!
Ijyb hits you but does no damage.
You are poisoned.
You hit Ijyb but do no damage. You bite Ijyb, but do no damage.
You feel sick.
Unknown command.
You barely miss Ijyb.
Ijyb zaps a wand.
You resist with almost no effort.
The now-empty wand crumbles to dust.
You hit Ijyb but do no damage. Your bite misses Ijyb.
You feel sick. Ijyb barely misses you.
You hit Ijyb but do no damage.
You feel sick.
You hit Ijyb. Your bite misses Ijyb.
You feel sick. Ijyb hits you but does no damage.
You are more poisoned.
You hit Ijyb but do no damage.
You feel sick. Ijyb closely misses you.
You hit Ijyb. You bite Ijyb. You drain her power.
You feel sick. Ijyb misses you.
You hit Ijyb. You bite Ijyb. You drain her power.
You feel sick.
Ijyb hits you with a +2 dagger of venom.
You are more poisoned.
You hit Ijyb but do no damage.
You feel very sick.
You hit Ijyb but do no damage.
You feel sick.
Ijyb hits you with a +2 dagger of venom.
You are more poisoned.
You hit Ijyb. You bite Ijyb, but do no damage.
You feel sick. Ijyb barely misses you.
You barely miss Ijyb. Your bite misses Ijyb.
You feel very sick.
Ijyb hits you with a +2 dagger of venom.
You are more poisoned.
You hit Ijyb. Your bite misses Ijyb.
You feel very sick. Ijyb hits you but does no damage.
You are lethally poisoned!
You hit Ijyb but do no damage. Your bite misses Ijyb.
* * * LOW HITPOINT WARNING * * *
You feel very sick.
You hit Ijyb but do no damage. Your bite misses Ijyb.
* * * LOW HITPOINT WARNING * * *
You feel very sick. Ijyb screams, "Me kill you!" Ijyb completely misses you.
Unknown command.
Your system rejects the healing.
You feel better. Ijyb hits you but does no damage.
You are poisoned.
You hit Ijyb but do no damage. You bite Ijyb, but do no damage.
You feel sick.
Ijyb hits you with a +2 dagger of venom.
* * * LOW HITPOINT WARNING * * *
You are lethally poisoned!
You hit Ijyb but do no damage.
* * * LOW HITPOINT WARNING * * *
You feel very sick. Ijyb closely misses you.
You hit Ijyb but do no damage. Your bite misses Ijyb.
* * * LOW HITPOINT WARNING * * *
You feel sick.
Unknown command.
You hit Ijyb but do no damage. Your bite misses Ijyb.
You die...

Skill      XL: |  1  2  3  4  5  6 |
---------------+-------------------+-----
Short Blades   | 2 3 4 |  4.7
Dodging        | 1 2 |  2.7
Stealth        | 5 6 |  6.6
Fighting       | 2 3 |  3.4
Throwing       | |  1.7

Action                   |  1- 3 |  4- 6 |  7- 9 || total
-------------------------+-------+-------+-------++-------
Melee: Dagger            |    50 |   171 |    80 ||   301
       Bite              |    10 |    52 |    18 ||    80
  Use: Potion            |       |     1 |     1 ||     2
       Scroll            |       |       |    16 ||    16
 Stab: Sleeping          |     7 |     7 |     1 ||    15
       Distracted        |       |     1 |       ||     1
Armor: Robe              |     8 |    38 |    15 ||    61
Dodge: Dodged            |    26 |    94 |    37 ||   157

Levels and vault maps discovered:
D:1:      scummos_arrival_simple_fountains, layout_rooms
D:2:      layout_basic, uniq_jessica
D:3:      layout_rooms, portal_sewer_entry_c, serial_shops,
          nicolae_shop_behind_doors, dilly_ecumenical_altar_fadedgnrine,
          chequers_serial_rivers_small_3, chequers_serial_rivers_large_b,
          nicolae_kite_square_tiling_tiny, chequers_garden,
          chequers_hall_statues_corner_a, minmay_stone_trees_small
D:4:      layout_rooms, nicolae_vehumet_radiance, old_standard_altar,
          minmay_crystal_water, amcnicky_mini_corridor_feature
D:5:      layout_basic, mainiacjoe_overflow_concentric_impassable, uniq_ijyb

Notes
Turn   | Place    | Note
-------+----------+-------------------------------------------
     0 | D:1      | Sobieck the Vine Stalker Brigand began the quest for the
                  | Orb.
     0 | D:1      | Reached XP level 1. HP: 11/11 MP: 2/2
    85 | D:1      | Reached skill level 2 in Short Blades
    96 | D:1      | Reached skill level 1 in Dodging
    96 | D:1      | Reached XP level 2. HP: 13/15 MP: 3/3
   162 | D:1      | Reached skill level 5 in Stealth
   184 | D:1      | Reached skill level 2 in Fighting
   677 | D:2      | Reached XP level 3. HP: 13/18 MP: 1/4
   889 | D:2      | Noticed Jessica
   896 | D:2      | Killed Jessica
   902 | D:2      | Gained mutation: Your natural rate of healing is unusually
                  | fast. [Vine Stalker growth]
   902 | D:2      | Reached XP level 4. HP: 19/23 MP: 3/5
  1408 | D:3      | Reached skill level 3 in Short Blades
  1628 | D:3      | Found Cygiyloe's Distillery.
  1631 | D:3      | Bought a potion of might for 52 gold pieces
  1631 | D:3      | Bought a potion of curing for 39 gold pieces
  1632 | D:3      | Found a glowing drain.
  1766 | D:3      | Reached XP level 5. HP: 24/27 MP: 6/6
  1773 | Sewer    | Entered a sewer
  1820 | Sewer    | Noticed Pargi
  1834 | Sewer    | Killed Pargi
  1835 | Sewer    | Reached skill level 2 in Dodging
  2184 | D:3      | Found a faded altar of an unknown god.
  2335 | D:4      | Reached XP level 6. HP: 32/32 MP: 7/7
  2385 | D:4      | Found a radiant altar of Vehumet.
  2405 | D:4      | Reached skill level 6 in Stealth
  2425 | D:4      | Reached skill level 3 in Fighting
  2427 | D:4      | HP: 4/32 [ogre/+0 giant spiked club (21)]
  2434 | D:4      | Reached skill level 4 in Short Blades
  2630 | D:4      | Reached XP level 7. HP: 36/36 MP: 8/8
  2924 | D:4      | Found a shimmering altar of Xom.
  3019 | D:5      | Entered Level 5 of the Dungeon
  3066 | D:5      | Found a sacrificial altar of Ru.
  3154 | D:5      | You pick up a book of Dreams and begin reading...
  3154 | D:5      | You add the spells Ensorcelled Hibernation, Spider Form and
                  | Anguish to your library.
  3246 | D:5      | Noticed Ijyb
  3267 | D:5      | HP: 9/36 [poisoned by Ijyb]
  3270 | D:5      | HP: 3/36 [poisoned by Ijyb]
  3272 | D:5      | Succumbed to Ijyb's poison

Vanquished Creatures
  Pargi (Sewer)
  An ogre (D:4)
  A scorpion (D:4)
  2 hounds (D:4)
  A jelly (D:4)
  Jessica (D:2)
  2 orc wizards
  3 gnolls (D:4)
  3 adders
  A river rat (D:3)
  A white imp (D:4)
  An ufetubus (D:5)
  2 worms
  2 dart slugs
  10 orcs
  11 bats
  4 endoplasms
  5 giant cockroaches
  7 goblins
  7 hobgoblins
  2 quokkas
  10 ball pythons
  2 frilled lizards (D:2)
  3 kobolds
  10 rats
93 creatures vanquished.

Table legend:
 A = Non-vault XP
 B = Vault XP
 C = Vault XP percentage of total XP
 D = Non-vault monster count
 E = Vault monster count
 F = Vault count percentage of total count
                 A         B        C        D         E       F
            +---------+---------+-------+---------+---------+-------
      Total |     618 |     191 |  23.6 |      78 |      15 |  16.1
            +---------+---------+-------+---------+---------+-------
        D:1 |      31 |       0 |   0.0 |      19 |       0 |   0.0
        D:2 |      29 |      37 |  56.1 |      15 |       1 |   6.2
        D:3 |      53 |      21 |  28.4 |      19 |       6 |  24.0
        D:4 |     440 |       0 |   0.0 |      19 |       0 |   0.0
        D:5 |      65 |       0 |   0.0 |       6 |       0 |   0.0
      Sewer |       0 |     133 | 100.0 |       0 |       8 | 100.0
            +---------+---------+-------+---------+---------+-------

Illustrated notes

Table legend:
 A = Kills in this place as a percentage of kills in entire the game.
 B = Kills by you in this place as a percentage of kills by you in the entire game.
 C = Kills by friends in this place as a percentage of kills by friends in the entire game.
 D = Other kills in this place as a percentage of other kills in the entire game.
 E = Experience gained in this place as a percentage of experience gained in the entire game.
 F = Experience gained in this place divided by the number of levels of this place that you have seen.
                   A       B       C       D       E      F
               +-------+-------+-------+-------+-------+----------------------
         Total | 100.0 | 100.0 |   N/A |   N/A | 100.0 | 134.8
       Dungeon |  91.4 |  91.4 |   N/A |   N/A |  83.6 | 135.2
         Sewer |   8.6 |   8.6 |   N/A |   N/A |  16.4 | 133.0
               +-------+-------+-------+-------+-------+----------------------

Table legend: (Time is in decaauts)
 A = Elapsed time spent in this place.
 B = Non-inter-level travel time spent in this place.
 C = Inter-level travel time spent in this place.
 D = Time resting spent in this place.
 E = Time spent auto-exploring this place.
 F = Levels seen in this place.
 G = Mean time per level.
                   A        B        C        D        E       F      G
               +--------+--------+--------+--------+--------+-----+--------+
         Total |   3251 |   3185 |     66 |      2 |   2414 |   6 |  541.8 |
       Dungeon |   3129 |   3063 |     66 |      2 |   2353 |   5 |  625.8 |
         Sewer |    122 |    122 |      0 |      0 |     61 |   1 |  122.0 |
               +--------+--------+--------+--------+--------+-----+--------+

Top non-repeatable levels by time:
     D:3: 885 daAuts
     D:4: 681 daAuts
     D:2: 673 daAuts
     D:1: 648 daAuts
     D:5: 240 daAuts
   Sewer: 122 daAuts
